 Dungeon Crawl Stone Soup version 0.27.0-1-g7a089689b8 (webtiles) character file.

Game seed: 366094273270453411

107 robertstho the Skirmisher (level 4, -10/45 HPs)
             Began as a Troll Fighter on Aug 6, 2021.
             Mangled by Edmund (16 damage)
             ... on level 4 of the Dungeon.
             The game lasted 00:01:43 (1886 turns).

robertstho the Skirmisher (Troll Fighter)           Turns: 1886, Time: 00:01:43

Health: -10/45     AC:  5    Str: 24    XL:     4   Next: 56%
Magic:  3/3        EV:  8    Int:  5    God:
Gold:   139        SH:  8    Dex:  9    Spells: 3/3 levels left

rFire    + . .     SeeInvis .   a - +0 long sword
rCold    . . .     Faith    .   c - +0 kite shield
rNeg     . . .     Spirit   .   b - +1 robe
rPois    .         Reflect  .   (helmet restricted)
rElec    .         Harm     .   (no cloak)
rCorr    .         Rampage  .   (gloves unavailable)
Will     .....                  (boots unavailable)
Stlth    +.........             (no amulet)
HPRegen  1.15/turn              h - ring of protection from fire
MPRegen  0.08/turn              (no ring)

@: no status effects
A: large, unfitting armour, claws 3, regeneration 1, shaggy fur 1, tough skin 1
a: no special abilities


You were on level 4 of the Dungeon.
You visited 1 branch of the dungeon, and saw 4 of its levels.

You collected 139 gold pieces.

Inventory:

Hand Weapons
 a - a +0 long sword (weapon)
Armour
 b - a +1 robe (worn)
 c - a +0 kite shield (worn)
Jewellery
 h - a ring of protection from fire (left claw)
Scrolls
 i - a scroll of noise {unknown}
 j - a scroll of torment {unknown}
 k - a scroll of enchant armour
 l - 2 scrolls of teleportation {unknown}
 m - a scroll of enchant weapon {unknown}
Potions
 d - a potion of might
 e - 2 potions of attraction {unknown}
 f - a potion of haste {unknown}
 g - a potion of invisibility {unknown}


   Skills:
 * Level 3.0 Fighting
 + Level 2.5 Long Blades
 * Level 1.1 Armour
 + Level 2.8 Dodging
 + Level 2.7 Shields


You had 3 spell levels left.
You didn't know any spells.
Your spell library was empty.

Dungeon Overview and Level Annotations

Branches:
Dungeon (4/15)
 Temple: D:4-7

Altars:
Elyvilon
Trog

Shops:
D:1 (

Annotations:
D:4 2 runed translucent doors, Edmund


Innate Abilities, Weirdness & Mutations

You are too large for most types of armour.
You have claws for hands.
Your natural rate of healing is unusually fast.
You are covered in fur. (AC +1)
You have tough skin. (AC +1)


Message History

No target in view!
No target in view!
No target in view!
No target in view!
No target in view!
No target in view!
No target in view!
No target in view!
No target in view!
There is a stone staircase leading up here.
Found 9 gold pieces.
Found the +7 captain's cutlass {speed, disarm}.
The endoplasm hits you but does no damage.
You slash the endoplasm!
You kill the endoplasm!
No reachable target in view!
No reachable target in view!
You now have 139 gold pieces (gained 18).
Edmund the Younger comes into view.
He is wielding a +5 flail of protection.
Edmund is nearby!
Edmund is nearby!
Edmund is nearby!
Edmund is nearby!
Edmund shouts!
You hear a shout! x5
You closely miss Edmund.
Edmund drinks a potion.
Edmund seems to grow stronger.
A kobold comes into view.
It is wielding a +2 short sword of draining and quivering poisoned darts.
Edmund hits you with a +5 flail of protection!
You barely miss Edmund. You block Edmund's attack.
You barely miss Edmund. You block Edmund's attack.
Edmund gestures with his flail.
Edmund closely misses you.
You riposte.
You barely miss Edmund. You hit Edmund.
Edmund is lightly wounded.
Edmund hits you with a +5 flail of protection!
You hit Edmund.
Edmund is lightly wounded.
Edmund hits you with a +5 flail of protection!!
* * * LOW HITPOINT WARNING * * *
Edmund hits you with a +5 flail of protection!
You die...

##################
#................##
..######..######@.#
.## #### ##@# .# K#
.# .# .# .. .# ..
.## ... ..###+# ...
......####


You could see Edmund (strong) and a kobold.

Vanquished Creatures
  7 adders
  A worm (D:2)
  3 orcs (D:3)
  6 endoplasms
  4 goblins
  5 hobgoblins
  2 quokkas
  2 ball pythons (D:1)
  2 bats
  3 frilled lizards
  2 kobolds (D:1)
  3 rats
40 creatures vanquished.

Notes
Turn   | Place    | Note
-------+----------+-------------------------------------------
     0 | D:1      | robertstho the Troll Fighter began the quest for the Orb.
     0 | D:1      | Reached XP level 1. HP: 22/22 MP: 0/0
   124 | D:1      | Reached XP level 2. HP: 29/29 MP: 1/1
   178 | D:1      | Found Imunom's Antique Weapon Shop.
   272 | D:1      | Found a faded altar of an unknown god.
   546 | D:1      | Found a white marble altar of Elyvilon.
   711 | D:2      | Reached XP level 3. HP: 26/36 MP: 2/2
  1132 | D:3      | Found a bloodstained altar of Trog.
  1168 | D:3      | Reached skill level 3 in Fighting
  1254 | D:3      | Reached XP level 4. HP: 45/45 MP: 3/3
  1392 | D:3      | Reached skill level 1 in Armour
  1839 | D:4      | Found a large runed translucent door.
  1839 | D:4      | Found a large runed translucent door.
  1845 | D:4      | Noticed a necrophage
  1846 | D:4      | Found the +7 captain's cutlass {speed, disarm}
  1880 | D:4      | Noticed Edmund
  1886 | D:4      | Mangled by Edmund

Illustrated notes

Levels and vault maps discovered:
D:1:      dpeg_arrival_lava_altar, layout_rooms, serial_shops,
          nicolae_shop_behind_doors, hellmonk_ecumenical_altar_heavens_door,
          feat_on_display
D:2:      layout_basic
D:3:      layout_basic, mainiacjoe_overflow_cross_hatched
D:4:      layout_rooms, chequers_temple_overflow_minitemple, grunt_ministairs_9,
          minmay_hollow_rounded_squares, uniq_sigmund, uniq_edmund,
          uniq_menkaure

Skill      XL: |  1  2  3  4 |
---------------+-------------+-----
Long Blades    | 2 |  2.5
Fighting       | 3 |  3.0
Armour         | 1 |  1.1
Dodging        | |  2.8
Shields        | |  2.7

Action                   |  1- 3 |  4- 6 || total
-------------------------+-------+-------++-------
Melee: Long sword        |    79 |    36 ||   115
  Use: Scroll            |     2 |       ||     2
Armor: Robe              |    21 |    11 ||    32
Dodge: Dodged            |    26 |    14 ||    40
Block: Kite shield       |    27 |    21 ||    48
       Rpst.: Long sword |    12 |     7 ||    19
